 Dungeon Crawl Stone Soup version 0.29.1-13-g9f3cf754e1 (webtiles) character file.

Game seed: 11887877397515492365

11 hawla the Chiller (level 2, -1/20 HPs)
             Began as a Meteoran Ice Elementalist on Jan 29, 2023.
             Slain by an orc
             ... wielding a +0 flail
              (5 damage)
             ... on level 2 of the Dungeon.
             The game lasted 00:01:13 (135 turns).

hawla the Chiller (Meteoran Ice Elementalist)        Turns: 135, Time: 00:01:13

Health: -1/20      AC:  3    Str:  9    XL:     2   Next: 58%
Magic:  5/6        EV: 12    Int: 16    God:
Gold:   48         SH:  0    Dex: 14    Spells: 5/6 levels left

rFire   . . .      SeeInvis .   (no weapon)
rCold   . . .      Faith    .   (no shield)
rNeg    . . .      Spirit   .   a - +0 robe
rPois   .          Reflect  .   c - +0 helmet
rElec   .          Harm     .   (no cloak)
rCorr   .          Rampage  .   (no gloves)
Will    .....                   (no boots)
Stlth   +.........              (no amulet)
HPRegen 0.06/turn               (no ring)
MPRegen 0.10/turn               (no ring)

@: glowing
A: sense surroundings 1, otherworldly, glowing, explore regen
a: no special abilities


You were on level 2 of the Dungeon.
You visited 1 branch of the dungeon, and saw 3 of its levels.

You collected 48 gold pieces.

Inventory:

Armour
 a - a +0 robe (worn)
 c - a +0 helmet (worn)
Scrolls
 d - a scroll of fear {unknown}
Potions
 b - a potion of magic


   Skills:
 + Level 2.6 Dodging
 - Level 1.4 Stealth
 + Level 2.6 Spellcasting
 + Level 4.9 Ice Magic


You had 5 spell levels left.
You knew the following spells:

 Your Spells              Type           Power      Damage    Failure   Level
a - Freeze                Ice            72%        1d9       2%          1

Your spell library contained the following spells:

 Spells                   Type           Power      Damage    Failure   Level
 Frozen Ramparts          Ice            36%        1d6       8%          3
 Ozocubu's Armour         Ice            18%        N/A       8%          3
 Apportation              Tloc           4%         N/A       19%         1
 Necrotise                Necr           8%         1d4       19%         1
 Summon Small Mammal      Summ           8%         N/A       19%         1
 Hailstorm                Conj/Ice       10%        3d5       56%         4


Dungeon Overview and Level Annotations

Branches:
Dungeon (3/15) Zot: 1663

Altars:


Innate Abilities, Weirdness & Mutations

You passively map a small area around you.
You are easily found by Zot.
You glow in the dark.
You regain HP and MP as you explore.


Message History

Confirm with . or Enter, or press ? or * to list all spells.
Aiming: Freeze (safe; 2% risk of failure)
Press: ? - help, Shift-Dir - straight line, f - orc
Aim: an orc, wielding a +0 short sword You freeze the orc.
The orc is severely wounded.
The orc closely misses you.
Unknown command.
Casting: Freeze (safe; 2% risk of failure)
Confirm with . or Enter, or press ? or * to list all spells.
Aiming: Freeze (safe; 2% risk of failure)
Press: ? - help, Shift-Dir - straight line, f/p - orc
Aim: an orc, wielding a +0 short sword (severely wounded)
You freeze the orc!
You kill the orc!
Unknown command.
You start waiting.
HP restored.
You climb downwards.
The orc hits you but does no damage. The orc barely misses you.
The orc misses you. The orc barely misses you.
The orc hits you with a +0 flail. The orc hits you with a +0 club.
There is a stone staircase leading up, spattered with blood here.
The orc hits you with a +0 flail.
The orc hits you with a +0 hand axe of flaming.
The orc burns you. The orc misses you.
You climb upwards.
There is a stone staircase leading down here.
Casting: Freeze (safe; 2% risk of failure)
Confirm with . or Enter, or press ? or * to list all spells.
Aiming: Freeze (safe; 2% risk of failure)
Press: ? - help, Shift-Dir - straight line, f - orc
Aim: an orc, wielding a +0 hand axe of flaming and wearing a +0 scale mail You freeze the orc.
The orc is moderately wounded.
The orc hits you with a +0 club. The orc misses you.
The orc hits you with a +0 flail.
* * * LOW HITPOINT WARNING * * *
Okay, then.
The orc attacks as you move away! The orc hits you with a +0 flail.
You die...

, , , , , , ,
* , * , ,, , ,
,, ,, , , * *
, , , * *
*############,
* ......o@)..#
* ,
######oo...# *
#........#,* ,
, ,*
#.#......# ,
#.#......# , *
#.#......#
.......#..#.#
######.#..#.#
, ,
.........#.#
** ,


You could see 3 orcs.

Vanquished Creatures
  2 orcs (D:2)
  A giant cockroach (D:1)
  A goblin (D:1)
  A kobold (D:2)
  A quokka (D:1)
  A bat (D:1)
  A frilled lizard (D:1)
  A rat (D:2)
9 creatures vanquished.

Notes
Turn   | Place    | Note
-------+----------+-------------------------------------------
     0 | D:1      | hawla the Meteoran Ice Elementalist began the quest for the
                  | Orb.
     0 | D:1      | Reached XP level 1. HP: 14/14 MP: 5/5
    48 | D:1      | Reached XP level 2. HP: 17/20 MP: 1/6
   135 | D:2      | Slain by an orc

Illustrated notes

Levels and vault maps discovered:
D:1:      minmay_arrival_four_circles, layout_basic, serial_shops, shop, shop,
          chequers_ecumenical_altar_lobes
D:2:      layout_basic, lexackson_kobold_supper
D:3:      layout_rooms, hangedman_decor_points

Action                   || total
-------------------------++-------
Melee: Unarmed           ||     6
 Cast: Freeze            ||    13
Armor: Robe              ||     5
Dodge: Dodged            ||    17
